 Dungeon Crawl Stone Soup version 0.22-a0-443-g17c3723 (webtiles) character file.

1712 xccam the Ruffian (level 8, -1/64 HPs)
             Began as a Demonspawn Gladiator on May 31, 2018.
             Was a Believer of Qazlal.
             Killed from afar by an electric eel (4 damage)
             ... with a bolt of electricity
             ... on level 6 of the Dungeon.
             The game lasted 00:11:59 (4721 turns).

xccam the Ruffian (Demonspawn Gladiator)            Turns: 4721, Time: 00:12:00

Health: -1/64      AC: 11    Str: 16    XL:     8   Next: 74%
Magic:  8/8        EV:  9    Int: 10    God:    Qazlal [**....]
Gold:   295        SH:  2    Dex: 15    Spells: 7/7 levels left

rFire    . . .     SeeInvis .     - Unarmed
rCold    + + .     Gourm    .   (no shield)
rNeg     . . .     Faith    .   F - +0 chain mail
rPois    +         Spirit   .   c - +0 helmet
rElec    .         Reflect  .   s - +0 cloak
rCorr    .         Harm     .   (no gloves)
MR       .....                  (no boots)
Stlth    ..........             u - amulet of regeneration
HPRegen  0.60/turn              g - ring of protection from cold
MPRegen  0.11/turn              B - ring of poison resistance

@: no status effects
A: claws 1, hooves 2, cold resistance 1, spiny 1
a: Upheaval, Renounce Religion


You were on level 6 of the Dungeon.
You worshipped Qazlal.
Qazlal was pleased with you.
You were not hungry.

You visited 1 branch of the dungeon, and saw 6 of its levels.

You collected 295 gold pieces.

Inventory:

Missiles
 d - 3 throwing nets (quivered)
Armour
 c - a +0 helmet (worn)
 s - a +0 cloak (worn)
 y - a +0 shield
 F - a +0 chain mail (worn)
Jewellery
 b - an uncursed ring of protection from fire {unknown}
 g - a ring of protection from cold (left claw)
 m - an uncursed ring of resist corrosion
 u - an amulet of regeneration (around neck)
 w - an uncursed ring of stealth
 z - an uncursed ring of flight
 B - a ring of poison resistance (right claw)
Wands
 p - a wand of clouds (6)
 G - a wand of iceblast (3)
Scrolls
 e - a scroll of enchant armour {unknown}
 i - 5 scrolls of teleportation
 l - 4 scrolls of remove curse
 o - 2 scrolls of identify
 r - 3 scrolls of random uselessness {unknown}
 v - a scroll of immolation {unknown}
 x - 2 scrolls of blinking {unknown}
 D - a scroll of magic mapping {unknown}
Potions
 a - a potion of magic
 h - 3 potions of lignification
 j - a potion of invisibility
 k - 2 potions of might
 n - a potion of heal wounds {unknown}
 q - 4 potions of curing
 t - 2 potions of berserk rage {unknown}
 A - a potion of degeneration {unknown}
 E - a potion of agility {unknown}
Comestibles
 f - 9 rations


   Skills:
 + Level 6.0 Fighting
   Level 3.3 Axes
 - Level 1.7 Throwing
 * Level 2.6 Armour
 + Level 5.4 Dodging
 - Level 6.3 Unarmed Combat


You had 7 spell levels left.
You didn't know any spells.
Your spell library was empty.

Dungeon Overview and Level Annotations

Branches:
Dungeon (6/15)
 Temple: D:4-7

Altars:
Cheibriados
Fedhas
Gozag
Kikubaaqudgha
Nemelex Xobeh
Okawaru
Qazlal
Ru
The Shining One


Innate Abilities, Weirdness & Mutations

You have sharp fingernails.
You have hoof-like feet.
Your flesh is cold resistant. (rC+)
You are partially covered in sharp spines.


Message History

The electric eel completely resists.
The bolt of electricity hits you!
Unknown command.
The electric eel shoots out a bolt of lightning at you!
The bolt of electricity hits you!
* * * LOW HITPOINT WARNING * * *
The bolt of electricity hits the plant.
The electric eel shoots out a bolt of lightning at you!
The bolt of electricity hits the electric eel.
The electric eel completely resists.
The bolt of electricity hits you!
* * * LOW HITPOINT WARNING * * *
The bolt of electricity hits the plant. x2
It was a potion of curing.
You feel better.
The electric eel shoots out a bolt of lightning at you!
The bolt of electricity hits you!
* * * LOW HITPOINT WARNING * * *
The bolt of electricity hits the plant.
The electric eel shoots out a bolt of lightning at you!
The bolt of electricity hits the electric eel.
The electric eel completely resists.
The bolt of electricity hits you!
You die...

####### ##...# ##.####.###..
......# #######.#########.#...#..
......# #.........##≈...'........
......###.#########≈#####.###.#..
..........# ##....≈##≈≈;##..#.##.
.....)#######.######≈≈.;≈##(..##[
.....)[.# #≈##≈≈;##.≈?$%###.....
#######.####≈#≈≈;;≈#$.P.≈# ####.#
#....#≈#?§@§.#PP.≈P# #.#
##...#≈#.P≈.≈#.....# #.#
##..#.#≈P)§P# #.. #..#.#.....#
#.. ####.#.....# ###.. #..
#.##..'##≈≈...# #.# ##≈####.≈≈###
..# ##≈≈≈..###.#######.. #######
#......#


You could see 3 electric eels.

Vanquished Creatures
  Prince Ribbit (D:5)
  Sigmund (D:2)
  A sky beast (D:5)
  3 ogres
  A phantom (D:6)
  A centaur (D:5)
  2 scorpions
  2 crimson imps (D:6)
  A bullfrog zombie (D:6)
  An orc priest (D:3)
  3 hounds
  Crazy Yiuf (D:3)
  A bullfrog skeleton (D:4)
  2 orc wizards
  Jessica (D:2)
  An iguana (D:2)
  3 worker ants
  A hound zombie (D:5)
  3 gnolls (D:4)
  11 adders
  3 shadow imps
  An adder zombie (D:6)
  3 adder skeletons
  3 worms (D:2)
  2 dart slugs
  4 leopard geckos
  16 orcs
  2 ball pythons (D:3)
  7 giant cockroaches
  7 goblins
  8 hobgoblins
  7 jackals
  5 quokkas
  8 bats
  6 frilled lizards
  A jackal zombie (D:6)
  6 kobolds
  A leopard gecko skeleton (D:5)
  A quokka skeleton (D:4)
  3 quokka zombies
  8 rats
143 creatures vanquished.

Vanquished Creatures (others)
  An orc (D:6)
1 creature vanquished.

Grand Total: 144 creatures vanquished

Notes
Turn   | Place    | Note
-------+----------+-------------------------------------------
     0 | D:1      | xccam the Demonspawn Gladiator began the quest for the Orb.
     0 | D:1      | Reached XP level 1. HP: 16/16 MP: 1/1
   128 | D:1      | Gained mutation: You have sharp fingernails. [demonic ancestry]
   128 | D:1      | Reached XP level 2. HP: 7/22 MP: 2/2
   666 | D:1      | Reached skill level 1 in Unarmed Combat
  1103 | D:2      | Noticed Jessica
  1107 | D:2      | Killed Jessica
  1107 | D:2      | Gained mutation: Your flesh is cold resistant. (rC+) [demonic ancestry]
  1107 | D:2      | Reached XP level 3. HP: 25/27 MP: 3/3
  1249 | D:2      | Gained mutation: You have large cloven feet. [demonic ancestry]
  1249 | D:2      | Reached XP level 4. HP: 33/33 MP: 4/4
  1405 | D:2      | Noticed Sigmund
  1425 | D:2      | Killed Sigmund
  1425 | D:2      | Reached XP level 5. HP: 25/38 MP: 5/5
  1440 | D:2      | Reached skill level 5 in Unarmed Combat
  1440 | D:2      | Gained mutation: You are partially covered in sharp spines. [demonic ancestry]
  1440 | D:2      | Reached XP level 6. HP: 19/44 MP: 6/6
  2325 | D:3      | Found a runed door.
  2386 | D:3      | Found a stormy altar of Qazlal.
  2386 | D:3      | Found a sparkling altar of Nemelex Xobeh.
  2387 | D:3      | Found an opulent altar of Gozag.
  2394 | D:3      | Became a worshipper of Qazlal Stormbringer
  2625 | D:3      | Found a sacrificial altar of Ru.
  2628 | D:3      | Found an iron altar of Okawaru.
  2631 | D:3      | Found a glowing golden altar of the Shining One.
  2844 | D:3      | Noticed Crazy Yiuf
  2850 | D:3      | Killed Crazy Yiuf
  2957 | D:4      | You fall through a shaft!
  2957 | D:5      | Entered Level 5 of the Dungeon
  2985 | D:5      | Gained mutation: You have hoof-like feet. [demonic ancestry]
  2985 | D:5      | Reached XP level 7. HP: 52/52 MP: 7/7
  3016 | D:5      | Found a snail-covered altar of Cheibriados.
  3169 | D:4      | Reached * piety under Qazlal
  3673 | D:5      | Reached skill level 5 in Fighting
  3673 | D:5      | Reached XP level 8. HP: 25/62 MP: 8/8
  3872 | D:5      | Found a blossoming altar of Fedhas.
  3873 | D:5      | Found an ancient bone altar of Kikubaaqudgha.
  3994 | D:5      | Noticed Prince Ribbit
  4005 | D:5      | Killed Prince Ribbit
  4005 | D:5      | Reached skill level 5 in Dodging
  4335 | D:6      | Reached skill level 1 in Armour
  4610 | D:6      | Reached ** piety under Qazlal
  4721 | D:6      | HP: 3/64 [electric eel/bolt of electricity (10)]
  4721 | D:6      | Killed from afar by an electric eel

Vault maps used:
D:1:      dpeg_arrival_fog
D:2:      serial_bayou_pond_b, minivault_25, uniq_jessica, uniq_sigmund
D:3:      grunt_temple_overflow_diamond, gammafunk_temple_overflow_forgotten,
          roderic_roman_lattice, st_stairs_7, hangedman_decor_lopped,
          uniq_crazy_yiuf_cottage
D:4:      first_ration
D:5:      grunt_temple_overflow_growth_and_decay, lemuel_doored_altar,
          minivault_19, grunt_tough_drop, uniq_prince_ribbit1
D:6:      cheibrodos_two_vegetables

Skill      XL: |  1  2  3  4  5  6  7  8 |
---------------+-------------------------+-----
Axes           | 3 |  3.3
Unarmed Combat | 2 4 5 6 |  6.3
Fighting       | 3 5 6 |  6.0
Dodging        | 3 5 |  5.4
Armour         | 2 |  2.6
Throwing       | |  1.7

Action                   |  1- 3 |  4- 6 |  7- 9 || total
-------------------------+-------+-------+-------++-------
Melee: War axe           |    76 |    37 |       ||   113
       Kick              |       |    33 |    34 ||    67
       Unarmed           |       |    97 |   147 ||   244
       Punch             |       |     1 |     4 ||     5
  Use: Potion            |       |     2 |     1 ||     3
       Scroll            |       |     5 |     5 ||    10
 Stab: Invisible         |       |     3 |       ||     3
  Eat: Chunk             |       |     6 |     6 ||    12
Armor: Leather armour    |    22 |    25 |    14 ||    61
       Skin              |       |    24 |       ||    24
       Chain mail        |       |       |    13 ||    13
Dodge: Dodged            |    61 |    73 |    58 ||   192
Block: Other             |       |       |     5 ||     5

Table legend:
 A = Spawn XP
 B = Non-spawn XP
 C = Spawn XP percentage of total XP
 D = Spawn monster count
 E = Non-spawn monster count
 F = Spawn count percentage of total count
 G = Total turns spent on level
                    A         B        C        D         E        F      G
               +---------+---------+-------+---------+---------+-------+---------
         Total |       0 |    2446 |   0.0 |       0 |     143 |   0.0 |  4721
               +---------+---------+-------+---------+---------+-------+---------
           D:1 |       0 |      30 |   0.0 |       0 |      20 |   0.0 |   799
           D:2 |       0 |     394 |   0.0 |       0 |      29 |   0.0 |  1314
           D:3 |       0 |     162 |   0.0 |       0 |      30 |   0.0 |   809
           D:4 |       0 |     566 |   0.0 |       0 |      21 |   0.0 |   588
           D:5 |       0 |     774 |   0.0 |       0 |      23 |   0.0 |   792
           D:6 |       0 |     520 |   0.0 |       0 |      20 |   0.0 |   419
               +---------+---------+-------+---------+---------+-------+---------
